 Dungeon Crawl Stone Soup version 0.22-a0-113-gdd6f4a9 (webtiles) character file.

238 Moloch the Poker (level 6, -16/55 HPs)
             Began as a Hill Orc Fighter on Jan 28, 2018.
             Demolished by an ogre
             ... wielding a +0 giant club
              (24 damage)
             ... on level 4 of the Dungeon.
             The game lasted 00:03:26 (2698 turns).

Moloch the Poker (Hill Orc Fighter)                 Turns: 2698, Time: 00:03:26

Health: -16/55     AC:  6    Str: 20    XL:     6   Next: 7%
Magic:  6/6        EV:  9    Int:  8    God:
Gold:   125        SH:  0    Dex: 11    Spells: 5/5 levels left

rFire    + . .     SeeInvis .   w - +0 halberd
rCold    x . .     Gourm    .   (shield currently unavailable)
rNeg     . . .     Faith    .   b - +0 scale mail
rPois    .         Spirit   .   (no helmet)
rElec    .         Reflect  .   (no cloak)
rCorr    .         Harm     .   (no gloves)
MR       .....                  (no boots)
Stlth    ..........             (no amulet)
HPRegen  0.18/turn              t - ring of fire
MPRegen  0.10/turn              (no ring)

@: no status effects
A: no striking features
a: no special abilities


You were on level 4 of the Dungeon.
You were not hungry.

You visited 1 branch of the dungeon, and saw 4 of its levels.

You collected 125 gold pieces.

Inventory:

Hand Weapons
 a - a +0 trident
 w - a +0 halberd (weapon)
Armour
 b - a +0 scale mail (worn)
 c - a +0 shield
Jewellery
 t - a ring of fire (left hand)
Scrolls
 e - 2 scrolls of blinking {unknown}
 g - a scroll of amnesia {unknown}
 i - 2 scrolls of teleportation {unknown}
 j - a scroll of identify
 k - 2 scrolls of immolation {unknown}
 q - a scroll of remove curse
 s - 2 scrolls of fog {unknown}
 v - a scroll of enchant weapon {unknown}
Potions
 d - a potion of might
 h - 3 potions of curing {unknown}
 l - a potion of flight
 m - 2 potions of lignification
 n - a potion of mutation
 o - a potion of brilliance
 r - 2 potions of berserk rage
Comestibles
 f - 6 rations


   Skills:
 + Level 4.9 Fighting
 * Level 6.0 Polearms
 - Level 3.2 Armour
 - Level 3.2 Shields


You had 5 spell levels left.
You didn't know any spells.

Dungeon Overview and Level Annotations

Branches:
Dungeon (4/15)
 Temple: D:4-7

Altars:
Ru
Yredelemnul


Message History

The adder skeleton bites you but does no damage.
You hit the adder skeleton.
You destroy the adder skeleton!
The ogre hits you with a giant club!!
You barely miss the ogre. You hit the ogre.
The ogre is lightly wounded.
The ogre hits you with a giant club.
You are too injured to fight recklessly!
You are too injured to fight recklessly!
You are too injured to fight recklessly!
An ogre is nearby!
You hit the ogre.
The ogre is lightly wounded.
The ogre hits you with a giant club!!
* * * LOW HITPOINT WARNING * * *
You barely miss the ogre.
The ogre is lightly wounded.
The ogre hits you with a giant club!!
You die...

.....#.# .....#.# #.#
#.<..#.#.#.#
######.#.#.#
.........#$#
######.#.#.######
######.###......#
................#######.
......>.........@O......
#####.#####...?.########
#. #...?........... #.
#.##.....####### #. #
####### ..


You could see an ogre.

Vanquished Creatures
  An orc wizard (D:2)
  A worker ant (D:3)
  6 gnolls
  4 adders
  An adder skeleton (D:4)
  3 worms
  3 dart slugs
  3 leopard geckos
  4 orcs (D:3)
  A giant cockroach (D:1)
  7 goblins
  11 hobgoblins
  2 jackals (D:2)
  2 quokkas
  8 bats
  10 kobolds
  9 rats
76 creatures vanquished.

Notes
Turn   | Place    | Note
-------+----------+-------------------------------------------
     0 | D:1      | Moloch the Hill Orc Fighter began the quest for the Orb.
     0 | D:1      | Reached XP level 1. HP: 19/19 MP: 1/1
   309 | D:1      | Reached XP level 2. HP: 27/27 MP: 2/2
   650 | D:1      | Reached skill level 3 in Polearms
   735 | D:2      | Reached XP level 3. HP: 34/34 MP: 3/3
   987 | D:2      | Reached skill level 4 in Polearms
   987 | D:2      | Reached XP level 4. HP: 32/41 MP: 4/4
  1056 | D:2      | Found a sacrificial altar of Ru.
  1811 | D:3      | Reached XP level 5. HP: 41/47 MP: 5/5
  1893 | D:3      | Reached skill level 5 in Polearms
  2220 | D:3      | Reached XP level 6. HP: 48/55 MP: 6/6
  2261 | D:3      | Reached skill level 6 in Polearms
  2397 | D:3      | Found a basalt altar of Yredelemnul.
  2698 | D:4      | Demolished by an ogre

Vault maps used:
D:1:      elethiomel_arrival_maze
D:2:      nicolae_ru_the_path_less_chosen
D:3:      yredelemnul_altar_generic, minmay_misc_feat_pillars,
          minmay_misc_feat_four_crosses
D:4:      minmay_temple_entry_statues, first_ration, makhleb_heckhound_becter,
          uniq_sigmund, uniq_menkaure

Skill      XL: |  1  2  3  4  5  6 |
---------------+-------------------+-----
Fighting       | 4 |  4.9
Polearms       | 3 4 5 6 |  6.0
Armour         | |  3.2
Shields        | |  3.2

Action                   |  1- 3 |  4- 6 || total
-------------------------+-------+-------++-------
Melee: Trident           |   134 |   138 ||   272
       Halberd           |       |    58 ||    58
  Use: Scroll            |       |     8 ||     8
  Eat: Chunk             |       |     6 ||     6
Armor: Scale mail        |    57 |    66 ||   123
Dodge: Dodged            |    34 |    72 ||   106
Block: Shield            |    61 |    53 ||   114

Table legend:
 A = Spawn XP
 B = Non-spawn XP
 C = Spawn XP percentage of total XP
 D = Spawn monster count
 E = Non-spawn monster count
 F = Spawn count percentage of total count
 G = Total turns spent on level
                    A         B        C        D         E        F      G
               +---------+---------+-------+---------+---------+-------+---------
         Total |       0 |     341 |   0.0 |       0 |      76 |   0.0 |  2698
               +---------+---------+-------+---------+---------+-------+---------
           D:1 |       0 |      44 |   0.0 |       0 |      15 |   0.0 |   946
           D:2 |       0 |     151 |   0.0 |       0 |      30 |   0.0 |   973
           D:3 |       0 |     141 |   0.0 |       0 |      30 |   0.0 |   738
           D:4 |       0 |       5 |   0.0 |       0 |       1 |   0.0 |    41
               +---------+---------+-------+---------+---------+-------+---------
